 Dungeon Crawl Stone Soup version 0.16.0-18-g484a79e (console) character file.

7 gw the Gusty (level 1, 0/12 HPs)
             Began as a High Elf Air Elementalist on Mar 22, 2015.
             Slain by a bat (1 damage)
             ... on level 1 of the Dungeon.
             The game lasted 00:00:33 (459 turns).

gw the Gusty (High Elf Air Elementalist)             Turns: 459, Time: 00:00:33

Health: 0/12       AC:  3    Str:  7    XL:     1   Next: 83%
Magic:  1/4        EV: 12    Int: 18    God:
Gold:   15         SH:  0    Dex: 15    Spells: 1 memorised, 4 levels left

rFire  . . .     SeeInvis .     a - +1 short sword (venom)
rCold  . . .     Clarity  .     e - +0 leather armour
rNeg   . . .     SustAb   .     (no shield)
rPois  .         Gourm    .     (no helmet)
rElec  .         Spirit   .     (no cloak)
rCorr  .         Warding  .     (no gloves)
rMut   .         Stasis   .     (no boots)
MR     .....                    (no amulet)
Stlth  ++........               (no ring)
                                (no ring)

@: not resistant to hostile enchantments, unstealthy
A: no striking features
a: no special abilities


You were on level 1 of the Dungeon.
You were not hungry.

You visited 1 branch of the dungeon, and saw 1 of its levels.

You collected 15 gold pieces.

Inventory:

Hand weapons
 a - a +1 short sword of venom (weapon)
Armour
 e - a +0 leather armour (worn)
Scrolls
 f - a scroll of recharging {unknown}
 h - a scroll of identify {unknown}
 i - a scroll of remove curse {unknown}
Potions
 d - a potion of invisibility {unknown}
Books
 b - a book of Air

   Spells                             Type                      Level
   a - Shock                          Conjuration/Air              1
   b - Swiftness                      Charms/Air                   2
   c - Repel Missiles                 Charms/Air                   2
   d - Flight                         Charms/Air                   3
   e - Static Discharge               Conjuration/Air              3
   f - Lightning Bolt                 Conjuration/Air              5
Comestibles
 c - a bread ration
 g - 2 fruits


   Skills:
 + Level 0.4 Fighting
 + Level 2.3 Dodging
 - Level 2.1 Stealth
 * Level 2.7 Spellcasting
 - Level 1.1 Conjurations
 + Level 3.7 Air Magic


You had 4 spell levels left.
You knew the following spells:

 Your Spells              Type           Power        Failure   Level  Hunger
a - Shock                 Conj/Air       ##..         12%         1    #......


Dungeon Overview and Level Annotations

Branches:
Dungeon (1/15)

Altars:


Message History

MOVING TO (6,-1)
A giant gecko comes into view.
The bat hits you but does no damage.
Unknown command.
Unknown command.
Unknown command.
MOVING TO (5,-1)
The bat hits you.
Unknown command.
Unknown command.
Unknown command.
MOVING TO (4,-1)
The bat hits you.
Found a stone staircase leading down.
Unknown command.
Unknown command.
Unknown command.
MOVING TO (3,-1)
The bat hits you.
You die...

#.. ... .. #.# #.##.#
### ##.# #.... ..>
...# #... ... .w.#
#$.#. #.# # ##.#
#..#.### #.# $.
...###..#...# #.###.#
##......###.####...l.#
##.###..w....g.be.#
..>.........#######
##########..# #..#
#..# #..# #..# #..# #
....


You could see a worm, a giant gecko, a hobgoblin and a bat.

Table legend:
 A = Turns spent in this place as a percentage of turns spent in the entire game.
 B = Non-inter-level travel turns spent in this place as a percentage of non-inter-level travel turns spent in the entire game.
 C = Inter-level travel turns spent in this place as a percentage of turns spent in this place.
 D = Turns resting spent in this place as a percentage of non-inter-level travel turns spent in this place.
 E = Turns spent auto-exploring this place as a percentage of non-inter-level travel turns spent in this place.
 F = Non-inter-level travel turns spent in this place divided by the number of levels of this place that you've seen.
                   A       B       C       D       E      F
               +-------+-------+-------+-------+-------+----------------------
         Total | 100.0 | 100.0 |   0.0 |   3.9 |   1.5 | 727.0
       Dungeon | 100.0 | 100.0 |   0.0 |   3.9 |   1.5 | 727.0
               +-------+-------+-------+-------+-------+----------------------

Table legend:
 A = Kills in this place as a percentage of kills in entire the game.
 B = Kills by you in this place as a percentage of kills by you in the entire game.
 C = Kills by friends in this place as a percentage of kills by friends in the entire game.
 D = Other kills in this place as a percentage of other kills in the entire game.
 E = Experience gained in this place as a percentage of experience gained in the entire game.
 F = Experience gained in this place divided by the number of levels of this place that you have seen.
                   A       B       C       D       E      F
               +-------+-------+-------+-------+-------+----------------------
         Total | 100.0 | 100.0 |  -nan |  -nan | 100.0 |  10.0
       Dungeon | 100.0 | 100.0 |  -nan |  -nan | 100.0 |  10.0
               +-------+-------+-------+-------+-------+----------------------

Vanquished Creatures
  3 kobolds (D:1)
  A bat (D:1)
  A giant newt (D:1)
  2 rats (D:1)
7 creatures vanquished.

Notes
Turn   | Place    | Note
--------------------------------------------------------------
     0 | D:1      | gw, the High Elf Air Elementalist, began the quest for the Orb.
     0 | D:1      | Reached XP level 1. HP: 11/11 MP: 4/4
   459 | D:1      | Slain by a bat

Action                   || total
-------------------------++-------
Melee: Unarmed           ||     5
       Short sword       ||     1
 Cast: Shock             ||    20

Vault maps used:
D:1:      tarquinn_simple_flora_water_a
